 Dungeon Crawl Stone Soup version 0.14-a0-3520-g290746a (webtiles) character file.

134 Kae the Firebug (level 3, -7/19 HPs)
             Began as a Tengu Fire Elementalist on Mar 27, 2014.
             Killed from afar by an orc wizard (8 damage)
             ... with a magic dart
             ... on Level 3 of the Dungeon.
             The game lasted 00:03:17 (3093 turns).

Kae the Firebug (Tengu Fire Elementalist)           Turns: 3093, Time: 00:03:19

HP  -7/19        AC  2     Str 10      XL: 3   Next: 97%
MP   7/7         EV 12     Int 16      God:
Gold 78          SH  0     Dex 14      Spells:  3 memorised,  0 levels left

rFire  . . .     SeeInvis .     m - +0 cutlass
rCold  . . .     Clarity  .     a - +0 robe
rNeg   . . .     Conserve .     (no shield)
rPois  .         rCorr    .     (helmet restricted)
rElec  .         rRot     .     (no cloak)
SustAb . .       Spirit   .     (no gloves)
rMut   .         Warding  .     (boots unavailable)
Saprov . . .     Stasis   .     (no amulet)
MR     .....                    (no ring)
                                d - +0,+7 ring of slaying {unknown}

@: slowed, very slow, not resistant to hostile enchantments, fairly stealthy
A: beak, talons 3, sense surroundings 1, strong 1
a: no special abilities


You were on level 3 of the Dungeon.
You were hungry.

You visited 2 branches of the dungeon, and saw 5 of its levels.

You collected 78 gold pieces.

Inventory:

Hand weapons
 m - a +0,+0 cutlass (weapon)
Missiles
 g - 2 tomahawks of returning (quivered)
Armour
 a - a +0 robe (worn)
Comestibles
 c - a bread ration
 n - 3 meat rations
Jewellery
 d - a +0,+7 ring of slaying (left hand) {unknown}
 l - an uncursed ring of positive energy {unknown}
Potions
 h - a potion of brilliance {unknown}
 i - a potion of poison {unknown}
 j - a potion of restore abilities
 k - a potion of curing {unknown}
 o - a potion of agility {unknown}
Books
 b - a book of Flames

   Spells                             Type                      Level
   *Flame Tongue                      Conjuration/Fire             1
   *Throw Flame                       Conjuration/Fire             2
   *Conjure Flame                     Conjuration/Fire             3
   Inner Flame                        Hexes/Fire                   3
   Sticky Flame                       Conjuration/Fire             4
   Fireball                           Conjuration/Fire             5


   Skills:
 - Level 2.1 Dodging
 - Level 2.0 Stealth
 + Level 2.3 Spellcasting
 * Level 3.6 Conjurations
 * Level 4.0 Fire Magic


You couldn't memorise any spells.
You knew the following spells:

 Your Spells              Type           Power        Failure   Level  Hunger
a - Flame Tongue          Conj/Fire      ##...        6%          1    #......
b - Throw Flame           Conj/Fire      ##....       10%         2    ##.....
c - Conjure Flame         Conj/Fire      ##......     14%         3    ####...


Dungeon Overview and Level Annotations

Branches:
Dungeon (4/15)             Temple (1/1) D:4

Altars:
Cheibriados
Dithmenos
Fedhas
Kikubaaqudgha
Makhleb
Nemelex Xobeh
Okawaru
Sif Muna
Trog
Yredelemnul
Zin

Annotations:
D:3 runewalsh's ghost, average OpIE
D:4 Sigmund


Innate Abilities, Weirdness & Mutations

You have a beak for a mouth.
You have claws for feet.
You passively map a small area around you.
Your muscles are strong. (Str +2)


Message History

The orc hits you with a dagger.
Drink which item? (? for menu, Esc to quit)
You feel extremely strange.
You feel a strange attunement to the structure of the dungeons.
You feel stronger.
It was a potion of mutation.
The orc wizard casts a spell.
The orc wizard seems to speed up.
The orc hits you. The orc wizard hits you with a dagger.
The orc closely misses you. The orc wizard barely misses you.
Unknown command.
Drink which item? (? for menu, Esc to quit)
You feel refreshed.
It was a potion of restore abilities.
The orc wizard closely misses you. The orc closely misses you.
The orc wizard hits you but does no damage.
The orc hits you with a dagger.
* * * LOW HITPOINT WARNING * * *
The orc wizard gestures at you while chanting.
The magic dart hits you!
You die...

# * ,.,, ## * ....
.# .!..# .# * # *
....* , .# #.* ...
.#[##. , , .##.. * *
....... ...,, ,
###### *
#####o######## , ,
#...o@ooo..... * *
#.###o##############
#.# #.#.....## #.#
####........# * #.#
#....##.##..## , #.#
#....'........
#.###....####...#. *
#........'.##...#. ,
#####....#.##...#.


You could see 2 orc wizards and 4 orcs.

Vanquished Creatures
  An adder (D:2)
  2 giant geckos
  2 orcs
  2 bats
  4 giant cockroaches
  4 goblins (D:1)
  6 hobgoblins
  5 kobolds
  5 giant newts
  An orc skeleton (D:4)
  2 quokkas (D:3)
  A quokka skeleton (D:4)
  6 rats
41 creatures vanquished.

Notes
Turn   | Place    | Note
--------------------------------------------------------------
     0 | D:1      | Kae, the Tengu Fire Elementalist, began the quest for the Orb.
     0 | D:1      | Reached XP level 1. HP: 10/10 MP: 3/3
   363 | D:1      | Reached XP level 2. HP: 3/15 MP: 0/5
  1404 | D:2      | Reached XP level 3. HP: 19/19 MP: 4/7
  1447 | D:2      | Learned a level 2 spell: Throw Flame
  1451 | D:2      | Learned a level 3 spell: Conjure Flame
  2203 | D:3      | Noticed runewalsh's ghost (average OpIE)
  2575 | D:4      | Found a staircase to the Ecumenical Temple.
  2606 | Temple   | Entered the Ecumenical Temple
  2875 | D:4      | Noticed Sigmund
  3067 | D:3      | Reached skill level 4 in Fire Magic
  3092 | D:3      | Gained mutation: You passively map a small area around you. [potion of mutation]
  3092 | D:3      | Gained mutation: Your muscles are strong. (Str +2) [potion of mutation]
  3093 | D:3      | Killed from afar by an orc wizard

Action                   || total
-------------------------++-------
Melee: Unarmed           ||    60
       Cutlass           ||     6
 Cast: Flame Tongue      ||    41
  Use: Scroll            ||     5
       Potion            ||     3
 Stab: Sleeping          ||     2
